 Dungeon Crawl Stone Soup version 0.24.0-10-g970556be89 (console) character file.

Game seed: 9632809118654498001, levelgen mode: deterministic

2553 AlterAsc the Carver (level 9, -14/54 HPs)
             Began as a Tengu Gladiator on Nov 3, 2019.
             Was a Follower of Okawaru.
             Killed by the air
             ... invoked by Gastronok
              (35 damage)
             ... on level 8 of the Dungeon.
             The game lasted 00:21:49 (6321 turns).

AlterAsc the Carver (Tengu Gladiator)               Turns: 6321, Time: 00:21:49

Health: -14/54     AC:  9    Str: 17    XL:     9   Next: 56%
Magic:  10/10      EV: 22    Int:  8    God:    Okawaru [*.....]
Gold:   337        SH:  5    Dex: 17    Spells: 8/8 levels left

rFire    + . .     SeeInvis +   a - +0 long sword
rCold    . . .     Gourm    .   A - +0 buckler
rNeg     . . .     Faith    .   z - +1 leather armour {rF+}
rPois    .         Spirit   .   c - +1 hat
rElec    .         Reflect  .   t - +2 cloak
rCorr    .         Harm     .   (no gloves)
MR       .....                  (boots unavailable)
Stlth    +.........             (no amulet)
HPRegen  0.18/turn              u - +3 ring of evasion
MPRegen  0.12/turn              r - ring of see invisible

@: flying quickly and evasively, quick
A: beak, talons 3, able to fly
a: Stop Flying, Heroism, Renounce Religion


You were on level 8 of the Dungeon.
You worshipped Okawaru.
Okawaru was aware of your devotion.
You were not hungry.

You visited 2 branches of the dungeon, and saw 9 of its levels.

You collected 337 gold pieces.

Inventory:

Hand Weapons
 a - a +0 long sword (weapon)
 G - a +3 war axe
Missiles
 d - 3 throwing nets (quivered)
Armour
 b - a +0 leather armour
 c - a +1 hat (worn)
 e - a +0 cloak
 m - a +0 ring mail
 s - a cursed +0 shield
 t - a +2 cloak (worn)
 z - a +1 leather armour of fire resistance (worn)
 A - a +0 buckler (worn)
Jewellery
 r - a ring of see invisible (right hand)
 u - a +3 ring of evasion (left hand)
Wands
 v - a wand of polymorph (1)
 B - a wand of paralysis (8)
Scrolls
 h - 3 scrolls of fog
 i - 3 scrolls of identify
 k - 5 scrolls of remove curse
 n - 5 scrolls of blinking
 w - 5 scrolls of enchant weapon
 y - a scroll of fear
 C - 2 scrolls of immolation
 D - a scroll of amnesia
 E - a scroll of enchant armour
Potions
 g - a potion of degeneration
 l - a potion of magic {unknown}
 o - a potion of lignification {unknown}
 p - 2 potions of heal wounds
 q - a potion of resistance {unknown}
 x - a potion of haste {unknown}
 F - 2 potions of flight {unknown}
Comestibles
 f - 8 rations
 j - 9 chunks of flesh


   Skills:
 + Level 5.5 Fighting
 * Level 8.8 Long Blades
 - Level 2.2 Throwing
 + Level 5.5 Armour
 + Level 6.6 Dodging
 + Level 4.1 Shields
 + Level 1.0 Invocations


You had 8 spell levels left.
You didn't know any spells.
Your spell library contained the following spells:

 Spells                   Type           Power        Failure   Level  Hunger
 Corona                   Hex            #......      45%         1    ##.....
 Slow                     Hex            #.......     61%         2    ###....
 Inner Flame              Hex/Fire       #.......     83%         3    ####...
 Portal Projectile        Hex/Tloc       #.....       83%         3    ####...
 Cause Fear               Hex            #.........   99%         4    #####..
 Leda's Liquefaction      Hex/Erth       #.........   99%         4    #####..


Dungeon Overview and Level Annotations

Branches:
Dungeon (8/15)             Temple (1/1) D:6
   Lair: D:8-11

Altars:
Ashenzari
Cheibriados
Dithmenos
Elyvilon
Fedhas
Gozag
Hepliaklqana
Makhleb
Nemelex Xobeh
Okawaru
Qazlal
Ru
Sif Muna
Trog
Uskayaw
Vehumet
Wu Jian
Xom
Yredelemnul
Zin
The Shining One

Annotations:
D:2 1 exclusion, Robin
D:3 Sigmund
D:4 exclusion: ogre
D:6 2 transporters, ponobo's ghost, novice DrCj
D:8 Gastronok


Innate Abilities, Weirdness & Mutations

You have a beak for a mouth.
You have claws for feet.
You can fly continuously.


Message History

a cursed -1 mace; a +0 dagger; an orc skeleton
Things that are here:
a +0 hand axe; an orc skeleton
Things that are here:
a +0 dagger; a +0 robe
Found 14 poisoned darts.
Found a stone staircase leading up.
Gastronok casts a spell.
The orc completely misses you.
You riposte.
You hit the orc but do no damage. You claw the orc, but do no damage.
You peck the orc, but do no damage. You closely miss the orc.
You claw the orc, but do no damage. You peck the orc, but do no damage.
The orc closely misses you.
You riposte.
You closely miss the orc. You claw the orc.
The orc is heavily wounded.
You hit the orc but do no damage. You claw the orc.
You kill the orc!
Okawaru accepts your kill.
Gastronok waves his eye-stalks in wide circles.
The air twists around and violently strikes you in flight!!
Ouch! That really hurt!
You die...

#.# ###.#.# #.# ....#.#
#.# ## #....#
#####.######.
...##..#.###............
......%.....###w######
........)## #......#
##.##.##.....###.####.#
.....>[@..)..)w..# #.#
...##.##.....###.# #.# #
#.#...## #.# #.#
..###.## #.# ##.## #.#
#.# #.# #...# ..( #.#
#.# #.... <.. #.# #.#
#...# ## #.# .# #####


You could see Gastronok.

Vanquished Creatures
  Eustachio (D:6)
  Duvessa (D:5)
  2 sky beasts
  An orc warrior (D:6)
  2 phantoms (D:7)
  4 centaurs
  3 ogres
  2 bullfrogs
  Dowan (D:5)
  3 scorpions
  A howler monkey (D:6)
  A crimson imp (D:5)
  4 hounds
  A centaur zombie (D:7)
  2 jellies (D:6)
  2 orc priests
  A bullfrog skeleton (D:5)
  6 orc wizards
  A gnoll shaman (D:3)
  Ijyb (D:4)
  3 worker ants
  5 adders
  10 gnolls
  A shadow imp (D:5)
  2 oozes (D:3)
  An adder skeleton (D:4)
  5 worms
  A dart slug (D:3)
  2 leopard geckos
  22 orcs
  6 giant cockroaches
  13 goblins
  3 hobgoblins
  8 jackals
  5 quokkas
  3 ball pythons
  5 bats
  3 frilled lizards
  4 kobolds
  2 quokka skeletons
  A quokka zombie (D:6)
  6 rats
151 creatures vanquished.

Vanquished Creatures (others)
  5 dream sheep (D:4)
5 creatures vanquished.

Grand Total: 156 creatures vanquished

Notes
Turn   | Place    | Note
-------+----------+-------------------------------------------
     0 | D:1      | AlterAsc the Tengu Gladiator began the quest for the Orb.
     0 | D:1      | Reached XP level 1. HP: 12/12 MP: 2/2
   145 | D:1      | Reached XP level 2. HP: 15/17 MP: 3/3
   748 | D:2      | Found a white marble altar of Elyvilon.
   750 | D:2      | Found a snail-covered altar of Cheibriados.
   765 | D:2      | Reached XP level 3. HP: 17/22 MP: 4/4
  1130 | D:2      | Reached skill level 4 in Long Blades
  1130 | D:2      | Reached skill level 1 in Armour
  1291 | D:2      | Noticed Robin
  1337 | D:3      | Reached XP level 4. HP: 20/27 MP: 5/5
  1510 | D:3      | Found a shadowy altar of Dithmenos.
  2114 | D:2      | Gained mutation: You can fly continuously. [Tengu growth]
  2114 | D:2      | Reached XP level 5. HP: 32/32 MP: 6/6
  2359 | D:2      | Found a burning altar of Makhleb.
  2515 | D:3      | Noticed Sigmund
  2581 | D:4      | Reached skill level 5 in Long Blades
  2605 | D:4      | Noticed Ijyb
  2702 | D:4      | Killed Ijyb
  2702 | D:4      | Reached XP level 6. HP: 22/37 MP: 7/7
  2804 | D:4      | Noticed a dream sheep
  2804 | D:4      | Noticed a dream sheep
  2804 | D:4      | Noticed a dream sheep
  2804 | D:4      | Noticed a dream sheep
  2804 | D:4      | Noticed a dream sheep
  2804 | D:4      | Found a shimmering altar of Xom.
  2809 | D:4      | Killed a dream sheep
  2809 | D:4      | Killed a dream sheep
  2809 | D:4      | Killed a dream sheep
  2810 | D:4      | Killed a dream sheep
  2811 | D:4      | Killed a dream sheep
  3459 | D:4      | Reached XP level 7. HP: 14/41 MP: 8/8
  3854 | D:5      | Entered Level 5 of the Dungeon
  3885 | D:5      | Reached skill level 1 in Shields
  3888 | D:5      | Reached skill level 6 in Long Blades
  3888 | D:5      | Reached skill level 5 in Dodging
  4222 | D:5      | Reached XP level 8. HP: 35/48 MP: 9/9
  4287 | D:5      | Noticed Duvessa
  4287 | D:5      | Noticed Dowan
  4299 | D:5      | Killed Duvessa
  4320 | D:5      | Killed Dowan
  4320 | D:5      | Reached skill level 7 in Long Blades
  4800 | D:6      | Found a staircase to the Ecumenical Temple.
  4808 | Temple   | Entered the Ecumenical Temple
  4828 | Temple   | Became a worshipper of Warmaster Okawaru
  5198 | D:6      | Noticed Eustachio
  5295 | D:6      | Reached * piety under Okawaru
  5312 | D:6      | Killed Eustachio
  5312 | D:6      | Reached skill level 5 in Fighting
  5312 | D:6      | Reached XP level 9. HP: 53/54 MP: 8/10
  5438 | D:6      | Found a hide-covered altar of Uskayaw.
  5490 | D:6      | Reached skill level 8 in Long Blades
  5530 | D:6      | Reached skill level 5 in Armour
  5534 | D:6      | Found a transporter.
  5538 | D:6      | Found a transporter.
  5538 | D:6      | Noticed a queen bee
  5539 | D:6      | Noticed ponobo's ghost (novice DrCj)
  5601 | D:6      | Noticed a hornet
  5826 | D:7      | Reached ** piety under Okawaru
  6256 | D:8      | Reached skill level 1 in Invocations
  6271 | D:8      | Noticed Gastronok
  6321 | D:8      | Killed from afar by Gastronok

Levels and vault maps discovered:
D:1:      wander_arrival_peaceful_grave, layout_basic
D:2:      layout_basic, grunt_temple_overflow_open, makhleb_heckhound_becter,
          uniq_robin
D:3:      layout_rooms, lemuel_coloured_pillars_altar,
          nicolae_overflow_crystal_walls, first_ration, uniq_sigmund
D:4:      layout_loops_ring, kb_xom_exploding_sheep, uniq_ijyb
D:5:      layout_basic, uniq_duvessa
D:6:      layout_rooms, kennysheep_little_box, minmay_temple_entry_glassed_door,
          gammafunk_ghost_hive, uniq_eustachio
D:7:      layout_basic
D:8:      layout_loops_ring, okawaru_gym_becter, uniq_prince_ribbit1,
          uniq_gastronok
Temple:   eino_temple_scatter_basement

Skill      XL: |  1  2  3  4  5  6  7  8  9 |
---------------+----------------------------+-----
Long Blades    | 4 5 6 7 8 |  8.8
Armour         | 1 2 3 4 5 |  5.5
Dodging        | 4 5 6 |  6.6
Fighting       | 3 4 5 |  5.5
Shields        | 2 3 4 |  4.1
Invocations    | 1 |  1.0
Throwing       | |  2.2

Action                   |  1- 3 |  4- 6 |  7- 9 || total
-------------------------+-------+-------+-------++-------
Melee: Long sword        |    81 |   131 |   261 ||   473
       Kick              |    13 |    40 |   111 ||   164
       Peck              |    10 |    20 |    73 ||   103
       Unarmed           |       |    55 |     3 ||    58
Invok: Heroism           |       |       |     6 ||     6
 Abil: Fly               |       |     1 |       ||     1
  Use: Potion            |       |     2 |       ||     2
       Scroll            |       |       |    11 ||    11
 Stab: Sleeping          |       |       |     2 ||     2
  Eat: Chunk             |     1 |     7 |     9 ||    17
Armor: Leather armour    |     8 |     6 |    35 ||    49
       Ring mail         |    23 |    25 |       ||    48
Dodge: Dodged            |    48 |   136 |   163 ||   347
Block: Buckler           |       |     1 |    50 ||    51
       Rpst.: Long sword |    15 |    14 |    36 ||    65
